 Dungeon Crawl Stone Soup version 0.29-a0-284-gf9362112df (webtiles) character file.

Game seed: 7139056739007819146

665 enile the Sneak (level 7, -7/53 HPs)
             Began as a Gnoll Wanderer on Mar 23, 2022.
             Killed from afar by an acid dragon (22 damage)
             ... with a splash of acid
             ... on level 4 of the Dungeon.
             The game lasted 00:07:05 (5991 turns).

enile the Sneak (Gnoll Wanderer)                    Turns: 5991, Time: 00:07:06

Health: -7/53      AC:  8    Str: 13    XL:     7   Next: 57%
Magic:  10/10      EV: 11    Int:  8    God:
Gold:   281        SH:  0    Dex: 15    Spells: 11/11 levels left

rFire   . . .      SeeInvis .   x - +2 spear (vamp)
rCold   . . .      Faith    .   (no shield)
rNeg    . . .      Spirit   .   u - +3 ring mail {rPois}
rPois   +          Reflect  .   (no helmet)
rElec   .          Harm     .   (no cloak)
rCorr   .          Rampage  .   (no gloves)
Will    .....                   (no boots)
Stlth   +++.......              (no amulet)
HPRegen 0.17/turn               (no ring)
MPRegen 0.12/turn               (no ring)

@: no status effects
A: fangs 1, strong nose, distributed training
a: no special abilities


You were on level 4 of the Dungeon.
You visited 1 branch of the dungeon, and saw 5 of its levels.

You collected 281 gold pieces.

Inventory:

Hand Weapons
 a - a +2 dagger
 c - a +0 quarterstaff
 e - a +0 dagger
 f - a +0 falchion
 h - a +1 vorpal hunting sling
 p - a +0 halberd
 t - a +2 falchion of holy wrath
 w - a +0 arbalest
 x - a +2 vampiric spear (weapon)
Missiles
 d - 12 poisoned darts (quivered)
Armour
 g - a +0 leather armour
 u - a +3 ring mail of poison resistance (worn)
Jewellery
 r - a ring of positive energy
Wands
 q - a wand of flame (17)
Scrolls
 b - 5 scrolls of identify
 i - 2 scrolls of immolation
 j - a scroll of summoning
 k - a scroll of noise
 m - 3 scrolls of teleportation {unknown}
 n - 2 scrolls of fear {unknown}
 o - a scroll of brand weapon {unknown}
 s - 2 scrolls of amnesia {unknown}
 v - a scroll of fog {unknown}
Potions
 l - 2 potions of lignification {unknown}


   Skills:
 + Level 3.7 Fighting
 + Level 2.5 Short Blades
 + Level 2.5 Long Blades
 + Level 2.5 Axes
 + Level 2.5 Maces & Flails
 + Level 2.5 Polearms
 + Level 5.3 Staves
 + Level 2.5 Slings
 + Level 2.5 Bows
 + Level 2.5 Crossbows
 + Level 5.3 Throwing
 + Level 3.7 Armour
 + Level 2.5 Dodging
 + Level 6.5 Stealth
 + Level 2.5 Shields
 + Level 2.5 Unarmed Combat
 + Level 2.5 Spellcasting
 + Level 2.1 Conjurations
 + Level 2.1 Hexes
 + Level 2.1 Summonings
 + Level 2.1 Necromancy
 + Level 2.1 Translocations
 + Level 2.1 Transmutations
 + Level 2.1 Fire Magic
 + Level 2.1 Ice Magic
 + Level 2.1 Air Magic
 + Level 2.1 Earth Magic
 + Level 2.1 Poison Magic
 + Level 2.8 Invocations
 + Level 3.7 Evocations


You had 11 spell levels left.
You didn't know any spells.
Your spell library contained the following spells:

 Spells                   Type           Power      Damage    Failure   Level
 Magic Dart               Conj           16%        1d3       28%         1
 Searing Ray              Conj           8%         2d4       41%         2
 Fulminant Prism          Conj/Hex       2%         3d6       96%         4


Dungeon Overview and Level Annotations

Branches:
Dungeon (5/15)
 Temple: D:4-7

Altars:
Ru

Shops:
D:1 (   D:2 *

Annotations:
D:5 1 runed translucent door, Menkaure


Innate Abilities, Weirdness & Mutations

You have very sharp teeth.
Your uncanny sense of smell can sniff out nearby items.
Your experience applies equally to all skills.


Message History

You closely miss the acid dragon.
The acid dragon is moderately wounded.
The acid dragon bites you!
The acid dragon claws you but does no damage.
You hit the acid dragon but do no damage.
The acid dragon is moderately wounded.
The acid dragon barely misses you.
The acid dragon claws you but does no damage.
You hit the acid dragon.
You feel better.
The acid dragon is moderately wounded.
The acid dragon bites you!
* * * LOW HITPOINT WARNING * * *
The acid dragon claws you.
* * * LOW HITPOINT WARNING * * *
Sorry, you're not good enough to have a special ability.
Throw: throwing net
Press: ? - help, Q - select action, (/) - cycle Shift-Dir - straight line, f/p - acid dragon
Aim: an acid dragon (moderately wounded, 62% to hit)
You throw a throwing net. The throwing net hits the acid dragon.
The acid dragon is caught in the net!
The acid dragon is moderately wounded.
The acid dragon struggles against the net.
You hit the acid dragon.
You feel better.
You bite the acid dragon, but do no damage.
The acid dragon is heavily wounded.
The acid dragon struggles against the net.
You strike the helpless acid dragon from behind!
You hit the acid dragon.
You feel better.
You bite the acid dragon, but do no damage.
The acid dragon is heavily wounded.
The acid dragon struggles against the net.
You strike the helpless acid dragon from behind!
You hit the acid dragon.
You feel better.
The acid dragon is severely wounded.
The acid dragon struggles against the net.
You hit the acid dragon but do no damage.
The acid dragon is severely wounded.
The acid dragon spits acid at you. The splash of acid hits you!!
You die...

.....# #.#..# #####.#
)############.#..# #######.### .#
#..........#..# #..........
.###.##########..######..........
.................................
.........######..#######.####....
...[.....# #..# #.....# #####
####.###.######D)# #.....# # #.#
#........@# #.....# # #)#
########### #.....# # #.# #.....#
#.# #########.....# #[#
#.............#
#[########.............#
####.....................##
....#########...........##
.........# #...........#


You could see an acid dragon (caught, catching breath).

Vanquished Creatures
  A sky beast (D:4)
  An ogre (D:4)
  A centaur (D:4)
  A scorpion (D:5)
  A howler monkey (D:4)
  Ijyb (D:4)
  2 gnoll shamans
  2 iguanas
  8 gnolls
  4 adders
  A worm (D:3)
  A dart slug (D:2)
  5 orcs
  6 endoplasms
  5 giant cockroaches
  5 goblins
  5 hobgoblins (D:1)
  A quokka (D:1)
  5 ball pythons
  4 bats
  6 frilled lizards
  6 kobolds
  4 rats
76 creatures vanquished.

Notes
Turn   | Place    | Note
-------+----------+-------------------------------------------
     0 | D:1      | enile the Gnoll Wanderer began the quest for the Orb.
     0 | D:1      | enile set off with the following items: a +2 dagger, a
                  | scroll of blinking, a +0 quarterstaff, 14 poisoned darts, a
                  | +0 dagger, a potion of berserk rage, a +0 leather armour
     0 | D:1      | Reached XP level 1. HP: 17/17 MP: 1/1
    68 | D:1      | Reached XP level 2. HP: 6/23 MP: 2/2
   445 | D:1      | Found Moehyi's Antique Weapon Emporium.
   460 | D:1      | Found a faded altar of an unknown god.
   845 | D:1      | Reached XP level 3. HP: 28/28 MP: 3/3
   984 | D:2      | Reached skill level 6 in Stealth
  1064 | D:2      | Reached skill level 1 in Invocations
  1182 | D:2      | Reached skill level 1 in Short Blades
  1182 | D:2      | Reached skill level 1 in Long Blades
  1182 | D:2      | Reached skill level 1 in Axes
  1182 | D:2      | Reached skill level 1 in Maces & Flails
  1182 | D:2      | Reached skill level 1 in Polearms
  1182 | D:2      | Reached skill level 1 in Slings
  1182 | D:2      | Reached skill level 1 in Bows
  1182 | D:2      | Reached skill level 1 in Crossbows
  1182 | D:2      | Reached skill level 1 in Dodging
  1182 | D:2      | Reached skill level 1 in Shields
  1182 | D:2      | Reached skill level 1 in Unarmed Combat
  1182 | D:2      | Reached skill level 1 in Spellcasting
  1289 | D:2      | Found Ziluth's Assorted Antiques.
  1545 | D:3      | Reached XP level 4. HP: 34/34 MP: 5/5
  2444 | D:4      | Noticed a centaur
  2460 | D:4      | Killed a centaur
  2461 | D:4      | Reached skill level 1 in Conjurations
  2461 | D:4      | Reached skill level 1 in Hexes
  2461 | D:4      | Reached skill level 1 in Summonings
  2461 | D:4      | Reached skill level 1 in Necromancy
  2461 | D:4      | Reached skill level 1 in Translocations
  2461 | D:4      | Reached skill level 1 in Transmutations
  2461 | D:4      | Reached skill level 1 in Fire Magic
  2461 | D:4      | Reached skill level 1 in Ice Magic
  2461 | D:4      | Reached skill level 1 in Air Magic
  2461 | D:4      | Reached skill level 1 in Earth Magic
  2461 | D:4      | Reached skill level 1 in Poison Magic
  2461 | D:4      | Reached XP level 5. HP: 14/41 MP: 5/7
  2522 | D:4      | Noticed an ogre
  3221 | D:4      | Noticed Ijyb
  3285 | D:5      | Entered Level 5 of the Dungeon
  3534 | D:5      | Reached XP level 6. HP: 47/47 MP: 8/8
  3682 | D:4      | Reached skill level 5 in Staves
  3682 | D:4      | Reached skill level 5 in Throwing
  3726 | D:4      | Found a sacrificial altar of Ru.
  4041 | D:4      | Killed Ijyb
  4495 | D:4      | Reached XP level 7. HP: 44/52 MP: 10/10
  5799 | D:5      | Found a runed translucent gate.
  5801 | D:5      | Noticed Menkaure
  5991 | D:4      | Killed from afar by an acid dragon

Illustrated notes

Levels and vault maps discovered:
D:1:      saegor_arrival_fortress, layout_rooms,
          hellmonk_ecumenical_altar_blasted, serial_shops, nicolae_shop_trees,
          minmay_lizard_pond
D:2:      layout_basic, serial_shops, shop
D:3:      layout_basic
D:4:      layout_basic, lemuel_tele_altar, uniq_ijyb
D:5:      layout_basic, minmay_temple_entry_mini_moons,
          ebering_ghost_rock_garden, uniq_menkaure, uniq_crazy_yiuf_cottage

Skill      XL: |  1  2  3  4  5  6  7 |
---------------+----------------------+-----
Stealth        | 6 |  6.5
Invocations    | 1 2 |  2.8
Short Blades   | 1 2 |  2.5
Long Blades    | 1 2 |  2.5
Axes           | 1 2 |  2.5
Maces & Flails | 1 2 |  2.5
Polearms       | 1 2 |  2.5
Slings         | 1 2 |  2.5
Bows           | 1 2 |  2.5
Crossbows      | 1 2 |  2.5
Dodging        | 1 2 |  2.5
Shields        | 1 2 |  2.5
Unarmed Combat | 1 2 |  2.5
Spellcasting   | 1 2 |  2.5
Fighting       | 3 |  3.7
Armour         | 3 |  3.7
Conjurations   | 1 2 |  2.1
Hexes          | 1 2 |  2.1
Summonings     | 1 2 |  2.1
Necromancy     | 1 2 |  2.1
Translocations | 1 2 |  2.1
Transmutations | 1 2 |  2.1
Fire Magic     | 1 2 |  2.1
Ice Magic      | 1 2 |  2.1
Air Magic      | 1 2 |  2.1
Earth Magic    | 1 2 |  2.1
Poison Magic   | 1 2 |  2.1
Evocations     | 3 |  3.7
Staves         | 5 |  5.3
Throwing       | 5 |  5.3

Action                   |  1- 3 |  4- 6 |  7- 9 || total
-------------------------+-------+-------+-------++-------
Melee: Dagger            |    31 |     5 |       ||    36
       Bite              |     1 |     2 |     5 ||     8
       Quarterstaff      |       |    10 |       ||    10
       Halberd           |       |    33 |       ||    33
       Falchion          |       |     3 |    18 ||    21
       Spear             |       |       |    10 ||    10
 Fire: Hunting sling     |    49 |    60 |       ||   109
       Arbalest          |       |       |    23 ||    23
Throw: Dart              |     9 |    37 |     9 ||    55
       Throwing net      |       |       |     1 ||     1
  Use: Potion            |     1 |     4 |       ||     5
       Scroll            |     1 |     3 |       ||     4
 Stab: Sleeping          |       |     2 |       ||     2
       Held in net/web   |       |       |     2 ||     2
Armor: Leather armour    |    15 |    21 |     1 ||    37
       Ring mail         |       |       |    21 ||    21
Dodge: Dodged            |    28 |    63 |    33 ||   124

Table legend: (Time is in decaauts)
 A = Elapsed time spent in this place.
 B = Non-inter-level travel time spent in this place.
 C = Inter-level travel time spent in this place.
 D = Time resting spent in this place.
 E = Time spent auto-exploring this place.
 F = Levels seen in this place.
 G = Mean time per level.
                   A        B        C        D        E       F      G
               +--------+--------+--------+--------+--------+-----+--------+
         Total |   6091 |   5874 |    217 |   1690 |   3391 |   5 | 1218.2 |
       Dungeon |   6091 |   5874 |    217 |   1690 |   3391 |   5 | 1218.2 |
               +--------+--------+--------+--------+--------+-----+--------+

Top non-repeatable levels by time:
     D:4: 2539 daAuts
     D:3: 1520 daAuts
     D:1: 964 daAuts
     D:2: 545 daAuts
     D:5: 521 daAuts
